AoeStats
← Barón de la Cerveza

Golden Pit

508558596Analyzed
1v1 RM · 10d ago on Sep 23, 2026· 54m 4s· 2 players
Game mode
Random Map
Map size
Tiny (2 player)
Population
200
Speed
Normal
Resources
Standard
Victory
Conquest
Starting age
Dark Age
Ending age
Imperial Age
RankedLock teamsTeams togetherTeam positionsShared explorationLock speedFull tech treeHidden civsTurbo modeCheats
Victory
Defeat
🇲🇽 Persians · Mexico
1868
+15
🇨🇱 Shu · Chile
1854
-15
benja23
5:57 Loom
9:14 Feudal Age
9:41 Double-Bit Axe
9:37 Horse Collar
20:16 Castle Age
19:23 Forging
19:15 Scale Mail Armor
23:50 Squires
25:31 Town Watch
27:19 Chain Mail Armor
38:46 Imperial Age
37:10 Bow Saw
40:46 Pikeman
41:57 Plate Mail Armor
41:54 Halberdier
44:12 Chemistry
46:17 Fletching
Barón de la Cerveza
7:37 Loom
10:49 Feudal Age
11:58 Double-Bit Axe
16:56 Horse Collar
19:49 Castle Age
18:12 Fletching
19:37 Bloodlines
20:21 Bodkin Arrow
19:47 Elite Skirmisher
21:26 Bow Saw
31:33 Wheelbarrow
32:07 Horse Collar
34:45 Ballistics
38:21 Imperial Age
36:58 Kamandaran
37:09 Scale Barding Armor
37:02 Town Watch
40:28 Chain Barding Armor
42:25 Husbandry
41:46 Light Cavalry
45:03 Chemistry
44:43 Conscription
46:09 Hussar
47:25 Plate Barding Armor
47:00 Forging
47:48 Cavalier
49:13 Savar
52:01 Hoardings
51:36 Citadels
51:49 Masonry
52:25 Iron Casting
51:53 Padded Archer Armor
Connection lost

Rejoining the realm…

Still unreachable

The connection could not be restored.

Session expired

The server has moved on; the page needs a fresh start.